 Dungeon Crawl Stone Soup version 0.28.0-45-g0d030f2227 (webtiles) character file.

Game seed: 12756339323634203796

32 RascalDebosk the Skirmisher (level 3, -2/31 HPs)
             Began as a Palentonga Fighter on Apr 16, 2022.
             Slain by a gnoll
             ... wielding a +0 spear
              (3 damage)
             ... on level 2 of the Dungeon.
             The game lasted 00:05:24 (1166 turns).

RascalDebosk the Skirmisher (Palentonga Fighter)    Turns: 1166, Time: 00:05:27

Health: -2/31      AC:  6    Str: 21    XL:     3   Next: 8%
Magic:  3/3        EV:  7    Int:  8    God:
Gold:   107        SH:  4    Dex:  9    Spells: 2/2 levels left

rFire   . . .      SeeInvis +   a - +0 war axe
rCold   . . .      Faith    .   c - +0 buckler
rNeg    . . .      Spirit   .   b - +0 scale mail
rPois   .          Reflect  .   (no helmet)
rElec   .          Harm     .   (no cloak)
rCorr   .          Rampage  .   (no gloves)
Will    .....                   (no barding)
Stlth   ..........              (no amulet)
HPRegen 0.10/turn               (no ring)
MPRegen 0.08/turn               (no ring)

@: no status effects
A: large, rugged brown scales 3, see invisible, deformed body, roll 1, armoured
tail
a: Rolling Charge


You were on level 2 of the Dungeon.
You visited 1 branch of the dungeon, and saw 2 of its levels.

You collected 107 gold pieces.

Inventory:

Hand Weapons
 a - a +0 war axe (weapon)
Armour
 b - a +0 scale mail (worn)
 c - a +0 buckler (worn)
Scrolls
 f - 2 scrolls of silence {unknown}
 g - a scroll of identify {unknown}
Potions
 d - a potion of might
 e - 3 potions of flight {unknown}
 h - a potion of curing {unknown}


   Skills:
 + Level 3.2 Fighting
 + Level 2.3 Axes
 + Level 0.5 Throwing
 + Level 2.6 Armour
 + Level 2.6 Shields
 + Level 0.5 Evocations


You had 2 spell levels left.
You didn't know any spells.
Your spell library was empty.

Dungeon Overview and Level Annotations

Branches:
Dungeon (2/15)

Altars:


Innate Abilities, Weirdness & Mutations

You are completely covered in rugged brown scales. (AC +3, +7% HP)
You have supernaturally acute eyesight. (SInv)
Armour fits poorly on your strangely shaped body.
You can roll at nearby foes to attack.
You have a long armoured tail.


Message History

You block the gnoll's attack. The bat barely misses you.
You slash the gnoll!
The gnoll is almost dead.
You slash the bat!
You kill the bat!
The gnoll hits you but does no damage. x2; You block the gnoll's attack.
You hit the gnoll.
The gnoll is heavily wounded.
The gnoll hits you but does no damage. The gnoll closely misses you.
You barely miss the gnoll.
The gnoll is heavily wounded.
The gnoll hits you from afar with a +0 spear.
You block the gnoll's attack. The gnoll hits you but does no damage.
You slash the gnoll!
You kill the gnoll!
The gnoll barely misses you.
You have reached level 3!
Your experience leads to an increase in your attributes!
Increase (S)trength, (I)ntelligence, or (D)exterity?
You feel stronger. x2
You hit the worm. You tail-slap the worm.
The worm is heavily wounded.
The gnoll hits you from afar with a +0 spear.
The worm bites you but does no damage.
You hit the worm.
The worm is severely wounded.
The gnoll hits you from afar with a +0 spear.
* * * LOW HITPOINT WARNING * * *
You block the worm's attack. You block the gnoll's attack.
You barely miss the worm.
The worm is severely wounded.
The gnoll hits you but does no damage. The worm bites you.
* * * LOW HITPOINT WARNING * * *
You slash the worm!
You kill the worm!
The gnoll hits you from afar with a +0 spear.
* * * LOW HITPOINT WARNING * * *
The gnoll barely misses you.
The gnoll hits you from afar with a +0 spear.
You die...

....# #......# #..............#
....# #......# #........####''###
....###......# #........#........
......'......# #........#........
....###......# #........#........
....###......# ##########....#...
##....+......# #...#....
##..###......############........
[...............@.......#........
##..#...##.######g####.##........
.........#.# g.. #########
##..#.#..#. .### ##..#.#..#. ..
##..# # .# .# ....# . .# ###.# ..
###.#


You could see 2 gnolls.

Vanquished Creatures
  A gnoll (D:2)
  A worm (D:2)
  A bat (D:2)
  2 endoplasms
  5 goblins
  2 hobgoblins (D:1)
  4 kobolds (D:1)
  A quokka (D:1)
  A ball python (D:2)
  A frilled lizard (D:1)
  2 rats
21 creatures vanquished.

Notes
Turn   | Place    | Note
-------+----------+-------------------------------------------
     0 | D:1      | RascalDebosk the Palentonga Fighter began the quest for the
                  | Orb.
     0 | D:1      | Reached XP level 1. HP: 19/19 MP: 1/1
   358 | D:1      | Reached XP level 2. HP: 19/25 MP: 2/2
  1163 | D:2      | Reached XP level 3. HP: 15/31 MP: 3/3
  1166 | D:2      | HP: 1/31 [gnoll/+0 spear (1)]
  1166 | D:2      | Slain by a gnoll

Illustrated notes

Levels and vault maps discovered:
D:1:      beargit_arrival_greenhouse, layout_loops_ring
D:2:      layout_basic, kennysheep_generic_room_4

Action                   || total
-------------------------++-------
Melee: War axe           ||    56
       Tailslap          ||     8
 Abil: Rolling Charge    ||     1
Armor: Scale mail        ||    37
Dodge: Dodged            ||    22
Block: Buckler           ||    11
